 Dungeon Crawl Stone Soup version 0.19.0-18-g426998a (webtiles) character file.

146 JeffiDaFish the Covered (level 5, -9/33 HPs)
             Began as a Gargoyle Fighter on Nov 11, 2016.
             Killed by divine providence
             ... invoked by an orc priest
              (12 damage)
             ... on level 3 of the Dungeon.
             The game lasted 00:04:27 (1833 turns).

JeffiDaFish the Covered (Gargoyle Fighter)          Turns: 1833, Time: 00:04:28

Health: -9/33      AC: 20    Str: 25      XL:     5   Next: 28%
Magic:  5/5        EV:  4    Int:  9      God:
Gold:   106        SH:  9    Dex:  6 (9)  Spells: 0 memorised, 4 levels left

rFire  . . .     SeeInvis .     a - +1 flail
rCold  . . .     Gourm    .     j - +1 plate armour
rNeg   + . .     Faith    .     c - +0 shield
rPois  ∞         Spirit   .     (no helmet)
rElec  +         Reflect  .     e - +1 cloak
rCorr  .         Harm     .     (no gloves)
MR     .....                    k - +0 pair of boots
Stlth  ..........               (no amulet)
                                (no ring)
                                (no ring)

@: mighty
A: negative energy resistance 1, electricity resistance, unbreathing,
petrification resistance, rot immunity, AC +4
a: no special abilities


You were on level 3 of the Dungeon.
You were hungry.

You visited 1 branch of the dungeon, and saw 3 of its levels.

You collected 106 gold pieces.

Inventory:

Hand Weapons
 a - a +1 flail (weapon)
Armour
 c - a +0 shield (worn)
 e - a +1 cloak (worn)
 j - a +1 plate armour (worn)
 k - a +0 pair of boots (worn)
Scrolls
 h - 2 scrolls of remove curse
 i - 7 scrolls of identify
Potions
 l - a potion of degeneration
Comestibles
 b - a meat ration
 f - 3 bread rations


   Skills:
 + Level 3.9 Fighting
 + Level 3.4 Maces & Flails
 + Level 4.3 Armour
 + Level 0.1 Dodging
 + Level 4.1 Shields


You had 4 spell levels left.
You didn't know any spells.

Dungeon Overview and Level Annotations

Branches:
Dungeon (3/15)

Altars:


Innate Abilities, Weirdness & Mutations

You are resistant to torment.
Your stone body is resilient. (AC +4)
You are immune to poison.
You resist negative energy. (rN+)
You are resistant to electric shocks. (rElec)
You can survive without breathing.
You are immune to petrification.
You are immune to rotting.


Message History

The orc priest mumbles some strange prayers to Beogh against you.
Beogh smites you!
* * * LOW HITPOINT WARNING * * *
The orc hits you but does no damage.
Your shield and plate armour prevent you from hitting the orc priest.
The orc priest is heavily wounded.
You block the orc priest's attack. The orc barely misses you.
You block the orc priest's attack. The orc hits you but does no damage.
You block the orc priest's attack.
You bludgeon the orc priest!!
You kill the orc priest!
You feel your strength returning. You block the orc's attack.
The orc priest hits you.
* * * LOW HITPOINT WARNING * * *
You block the orc's attack.
You closely miss the orc priest. You block the orc priest's attack.
The orc hits you but does no damage. You block the orc's attack.
The orc priest invokes the aid of Beogh against you.
Beogh smites you!
You die...

###
#........#
##.##
#.######.#
##...###.#
#.#
.........#
#.#
##...#####
#.# ##.##
#.# #.#
#.#### #.#
#....#
##'##
#o@o.#
##...##
#...o.).#
#.....#.
#.###...#
..........
# #...#
.......#..
.....
......≈#
.# ......
.....≈≈# #
......#
.....≈≈#
#....###
#...≈≈≈≈#


You could see an orc priest and 2 orcs.

Vanquished Creatures
  2 orc priests (D:3)
  A gnoll (D:1)
  3 adders (D:2)
  A dart slug (D:2)
  A leopard gecko (D:2)
  2 ball pythons (D:2)
  7 giant cockroaches
  6 goblins
  5 hobgoblins
  2 jackals (D:2)
  3 bats
  3 frilled lizards
  5 kobolds
  5 rats
46 creatures vanquished.

Notes
Turn   | Place    | Note
-------+----------+-------------------------------------------
     0 | D:1      | JeffiDaFish the Gargoyle Fighter began the quest for the Orb.
     0 | D:1      | Reached XP level 1. HP: 14/14 MP: 1/1
   262 | D:1      | Reached XP level 2. HP: 19/19 MP: 2/2
   525 | D:1      | Reached XP level 3. HP: 23/23 MP: 3/3
   838 | D:2      | Reached XP level 4. HP: 27/28 MP: 4/4
  1830 | D:3      | Reached XP level 5. HP: 17/33 MP: 5/5
  1833 | D:3      | Killed from afar by an orc priest

Skill      XL: |  1  2  3  4 |
---------------+-------------+-----
Armour         | 4 |  4.3
Maces & Flails | 3 |  3.4
Shields        | 4 |  4.1
Fighting       | |  3.9
Dodging        | |  0.1

Action                   |  1- 3 |  4- 6 || total
-------------------------+-------+-------++-------
Melee: Flail             |   125 |   112 ||   237
  Use: Scroll            |     5 |     4 ||     9
       Potion            |     2 |     5 ||     7
  Eat: Chunk             |       |     3 ||     3
Armor: Scale mail        |    19 |       ||    19
       Plate armour      |    63 |    99 ||   162
Dodge: Dodged            |    19 |    23 ||    42
Block: Shield            |    63 |    67 ||   130
